 Dungeon Crawl Stone Soup version 0.31-a0-1317-gdfb52cbc09 (webtiles) character file.

Game seed: 1805943996189477154

23690 Arminio00 the Covert (level 12, -7/56 HPs)
             Began as a Spriggan Hunter on Dec 20, 2023.
             Was a High Priest of Hepliaklqana.
             Mangled by an eight-headed hydra (12 damage)
             ... on level 12 of the Dungeon.
             The game lasted 00:22:50 (11653 turns).

Arminio00 the Covert (Spriggan Hunter)             Turns: 11653, Time: 00:22:51

Health: -7/56      AC:  5    Str: 12    XL:     12   Next: 74%
Magic:  32/35      EV: 26    Int:  7    God:    Hepliaklqana [*****.]
Gold:   1066       SH:  0    Dex: 19    Spells: 16/29 levels left

rFire   + . .        c - +2 arbalest (elec)
rCold   + . .        (shield currently unavailable)
rNeg    . . .        n - +2 robe {rC+ rF+}
rPois   .            (helmet restricted)
rElec   .            s - +0 cloak
rCorr   .            (gloves unavailable)
SInv    +            (boots unavailable)
Will    +++++        N - necklace of Bloodlust {Fury *Rage Will++ Int-3 Slay+6}
Stlth   ++++++       D - ring of willpower
HPRegen 0.29/turn    P - ring of Ubomocri {Will+++ MP+9 Str+5 Dex-5}
MPRegen 0.24/turn

%: random rage (50%)
@: about to teleport, very slightly contaminated, slowed, quick
A: reduced essence, very small, no large weapons, unfitting armour, see
invisible, speed 3
a: Renounce Religion, Recall Ancestor, Ancestor Identity, Transference, Idealise


You were on level 12 of the Dungeon.
You worshipped Hepliaklqana.
Hepliaklqana was extremely pleased with you.
You visited 1 branch of the dungeon, and saw 12 of its levels.
You also visited: Bailey.

You collected 1066 gold pieces.

Inventory:

Hand Weapons
 c - a +2 arbalest of electrocution (weapon)
Missiles
 K - 3 throwing nets
Armour
 n - a +2 robe of resistance (worn)
 s - a +0 cloak (worn)
Jewellery
 x - a ring of resist corrosion
 D - a ring of willpower (left hand)
 N - the necklace of Bloodlust (around neck) {Fury *Rage Will++ Int-3 Slay+6}
   (You found it on level 12 of the Dungeon)

   [amulet of nothing]

   Fury:      It extends the wearer's berserk rage when killing foes.
   Int-3:     It affects your intelligence (-3).
   Slay+6:    It affects your accuracy & damage with ranged weapons and melee
   (+6).
   Will++:    It greatly increases your willpower.
   *Rage:     It berserks you when you make melee attacks (+50% chance).
 O - a ring of protection from cold
 P - the ring of Ubomocri (right hand) {Will+++ MP+9 Str+5 Dex-5}
   (You found it on level 12 of the Dungeon)

   [ring of magical power]

   Str+5:     It affects your strength (+5).
   Dex-5:     It affects your dexterity (-5).
   Will+++:   It greatly increases your willpower.
   MP+9:      It affects your magic capacity (+9).
Wands
 p - a wand of flame (28)
 v - a wand of iceblast (5)
 y - a wand of mindburst (5)
 C - a wand of light (4)
Scrolls
 a - 3 scrolls of noise
 b - a scroll of butterflies
 g - 3 scrolls of immolation
 k - 2 scrolls of fog
 m - 5 scrolls of teleportation
 w - 4 scrolls of revelation
 A - a scroll of summoning
Potions
 d - a potion of enlightenment {unknown}
 e - a potion of haste {unknown}
 f - a potion of brilliance
 j - 3 potions of curing
 l - 5 potions of lignification
 o - 2 potions of degeneration {unknown}
 q - 2 potions of resistance {unknown}
 r - 2 potions of attraction {unknown}
 t - a potion of heal wounds
 z - 2 potions of magic
 B - a potion of berserk rage {unknown}
 F - 2 potions of invisibility {unknown}
 G - 2 potions of mutation {unknown}
Miscellaneous
 Q - a condenser vane (inert)


   Skills:
 + Level 7.6 Fighting
 + Level 9.8 Ranged Weapons
 + Level 11.8 Dodging
 + Level 13.7 Stealth
 + Level 9.4 Spellcasting
 + Level 9.3 Hexes
 * Level 0.4 Alchemy
 + Level 4.1 Invocations
 + Level 5.5 Evocations


You had 16 spell levels left.
You knew the following spells:

 Your Spells              Type           Power      Damage    Failure   Level
a - Ensorcelled Hibernat  Hex/Ice        18%        N/A       4%          2
b - Tukima's Dance        Hex            16%        N/A       1%          3
c - Cause Fear            Hex            8%         N/A       3%          4
d - Olgreb's Toxic Radia  Alch           3%         N/A       82%         4

Your spell library contained the following spells:

 Spells                   Type           Power      Damage    Failure   Level
 Jinxbite                 Hex            32%        N/A       1%          2
 Summon Guardian Golem    Hex/Summ       9%         N/A       8%          3
 Sting                    Conj/Alch      12%        1d3       16%         1
 Mercury Vapours          Alch/Air       6%         N/A       24%         2
 Passwall                 Alch/Erth      2%         N/A       24%         2
 Mephitic Cloud           Conj/Alch/Air  3%         N/A       45%         3
 Swiftness                Air            3%         N/A       47%         3
 Yara's Violent Unravell  Hex/Alch       5%         3d4       54%         5
 Ignite Poison            Fire/Alch      3%         N/A       85%         4
 Sticky Flame             Fire/Alch      3%         2d4       85%         4
 Animate Armour           Summ/Erth      6%         N/A       87%         4
 Passage of Golubria      Tloc           3%         N/A       87%         4
 Summon Ice Beast         Ice/Summ       3%         N/A       87%         4
 Summon Lightning Spire   Summ/Air       3%         N/A       87%         4
 Enfeeble                 Hex            8%         N/A       97%         7
 Fireball                 Conj/Fire      1%         3d3       99%         5
 Freezing Cloud           Conj/Ice/Air   1%         6-21      99%         5
 Lee's Rapid Deconstruct  Erth           1%         3d4*      99%         5
 Summon Forest            Summ/Tloc      1%         N/A       99%         5
 Malign Gateway           Summ/Tloc      1%         N/A       100%        7
 Orb of Destruction       Conj           1%         9d5       100%        7
 Spellforged Servitor     Conj/Summ      1%         N/A       100%        7
 Ignition                 Fire           1%         3d3       100%        8
 Dragon's Call            Summ           1%         N/A       100%        9


Dungeon Overview and Level Annotations

Branches:
Dungeon (12/15)            Temple (0/1) D:4            Lair (0/5) D:8
    Orc (0/2) D:10         Bailey (visited)

Altars:
Dithmenos
Fedhas
Hepliaklqana
Sif Muna
Trog
Uskayaw
Wu Jian
Zin
The Shining One
Jiyva

Shops:
D:1 :   D:6 :

Annotations:
D:7 2 transporters, hackum's ghost, novice OpGl
D:9 3 runed translucent doors, Pangenus's ghost, novice DrEE
D:12 furman's ghost, journeyman DrSh


Innate Abilities, Weirdness & Mutations

Your life essence is reduced to manifest your ancestor. (-10% HP)
You are very small and have problems with some larger weapons.
You are too small for most types of armour.
You have supernaturally acute eyesight. (SInv)
You cover ground extremely quickly. (Speed+++)


Message History

You carefully extract the barbed spikes from your body.
The eight-headed hydra completely misses you.
The eight-headed hydra closely misses you.
The eight-headed hydra bites you!
* * * LOW HITPOINT WARNING * * *
The eight-headed hydra bites you but does no damage.
The eight-headed hydra completely misses you.
The eight-headed hydra misses you.
The eight-headed hydra completely misses you.
The eight-headed hydra closely misses you.
The orc warrior closely misses you.
Okay, then.
You feel much better.
The eight-headed hydra is no longer blind.
The eight-headed hydra bites you but does no damage.
The eight-headed hydra bites you! The eight-headed hydra misses you.
The eight-headed hydra bites you.
The eight-headed hydra closely misses you. x2
The eight-headed hydra misses you. The eight-headed hydra bites you!
The orc warrior misses you.
The eight-headed hydra completely misses you. x3
The eight-headed hydra barely misses you.
The eight-headed hydra closely misses you.
The eight-headed hydra bites you!
* * * LOW HITPOINT WARNING * * *
The eight-headed hydra bites you but does no damage.
The eight-headed hydra misses you.
As you read the scroll of teleportation, it crumbles to dust.
You feel strangely unstable.
The eight-headed hydra closely misses you.
The eight-headed hydra bites you.
* * * LOW HITPOINT WARNING * * *
The eight-headed hydra completely misses you.
The eight-headed hydra bites you.
* * * LOW HITPOINT WARNING * * *
The eight-headed hydra bites you.
* * * LOW HITPOINT WARNING * * *
The eight-headed hydra completely misses you.
The eight-headed hydra bites you!
You die...

#.# #..# ####.##.#.##..#
#.# #..###........#....#
#.# #<..##.##.##.#.###.#
##.# #.#................#
#..# #...#########.####..
#.## #...#W(#.#..#.# ##)
#.# #...##.?=[.##.#####.
#.# #.#R#D#...#.#.....##
#.# #.#@#.#.#...#.###...
#.# #.#D#H#...###.# ####
#.# #.uO#.##..#.#.# #.#
###o#....Oo.#.# #.#
#.###H''###.# #.#
#......Hu...#
#.###########...D...### ##
#.....................## #.
#############.##....R..###.


You could see the friendly Æthelred the knight, an eight-headed hydra (ally
target), a red ugly thing, a two-headed ogre (blind, unable to see you) and an
orc warrior.

Vanquished Creatures
  A vault guard (Bailey)
  2 boulder beetles (D:12)
  2 two-headed ogres
  The ghost of TobyConnect the Zephyrmancer, a novice TeAE (D:8)
  An arcanist (D:12)
  3 cyclopes
  4 manticores (D:12)
  4 ugly things
  An elephant (D:8)
  A komodo dragon (D:8)
  2 trolls
  Prince Ribbit (Bailey)
  A hornet (D:12)
  4 shadows
  2 wraiths (D:12)
  Sigmund (D:2)
  5 slime creatures (D:12)
  14 yaks
  2 steam dragons
  A basilisk (D:12)
  4 humans (Bailey)
  4 vampire mosquitoes
  An acid dragon (D:11)
  2 orc warriors
  A sky beast (D:8)
  2 ice beasts
  2 ogres
  A black bear (D:8)
  5 centaurs
  A phantom (D:5)
  9 bullfrogs
  2 gnoll sergeants
  3 kobold brigands
  2 scorpions
  9 wights
  3 killer bees (D:11)
  2 howler monkeys
  3 electric eels (D:10)
  A jelly (D:5)
  4 hounds
  3 orc priests (D:10)
  Ijyb (D:3)
  Jessica (D:3)
  4 iguanas
  Terence (D:1)
  10 orc wizards
  2 adders
  10 gnolls
  A shadow imp (D:5)
  2 white imps
  5 worms
  3 dart slugs
  28 orcs
  4 ball pythons
  2 bats
  7 endoplasms
  5 giant cockroaches
  14 goblins
  6 hobgoblins
  2 jackals (D:2)
  16 kobolds
  3 quokkas
  A frilled lizard (D:1)
  6 rats
251 creatures vanquished.

Vanquished Creatures (collateral kills)
  A vault guard (Bailey)
  An ogre mage (D:12)
  An ice dragon (D:12)
  A centaur warrior (D:12)
  A gargoyle (D:12)
  A slime creature (D:12)
  2 shadows
  A wyvern (D:8)
  2 yaks (D:10)
  A human (Bailey)
  A vampire mosquito (D:12)
  A water moccasin (D:7)
  A kobold brigand (D:10)
  A gnoll sergeant (D:10)
  5 wights
  A howler monkey (D:7)
  An orc priest (D:8)
  An orc wizard (D:10)
  3 gnolls
  An adder (D:4)
  5 orcs
  5 goblins
  3 hobgoblins (D:3)
  4 kobolds
45 creatures vanquished.

Vanquished Creatures (others)
  6 knights (D:12)
6 creatures vanquished.

Grand Total: 302 creatures vanquished

Notes
Turn   | Place    | Note
-------+----------+-------------------------------------------
     0 | D:1      | Arminio00 the Spriggan Hunter began the quest for the Orb.
     0 | D:1      | Reached XP level 1. HP: 10/10 MP: 2/2
    46 | D:1      | Reached skill level 2 in Stealth
   417 | D:1      | Found Epsebaoq's Book Emporium.
   482 | D:1      | Found a faded altar of an unknown god.
   490 | D:1      | Reached XP level 2. HP: 15/15 MP: 3/3
   505 | D:1      | Prayed at the altar of an unknown god.
   505 | D:1      | Became a worshipper of Hepliaklqana the Forgotten
   505 | D:1      | Reached * piety under Hepliaklqana
  1010 | D:2      | Reached XP level 3. HP: 9/16 MP: 4/4
  1223 | D:2      | Noticed Terence
  1252 | D:1      | Killed Terence
  1253 | D:1      | Reached skill level 3 in Stealth
  1400 | D:2      | Reached XP level 4. HP: 20/20 MP: 5/5
  1481 | D:2      | Identified the +1 pair of gloves "Iweesila" {rF+ Regen+
                  | SInv}
  1758 | D:2      | Noticed Sigmund
  1793 | D:2      | Killed Sigmund
  1794 | D:2      | Reached skill level 4 in Stealth
  1794 | D:2      | Reached XP level 5. HP: 15/25 MP: 6/6
  2071 | D:3      | Reached ** piety under Hepliaklqana
  2074 | D:3      | Remembered your ancestor Æthelred as a knight
  2184 | D:3      | Noticed Ijyb
  2187 | D:3      | Killed Ijyb
  2188 | D:3      | Reached skill level 5 in Ranged Weapons
  2188 | D:3      | Reached XP level 6. HP: 21/28 MP: 3/7
  2195 | D:3      | Reached skill level 5 in Stealth
  2776 | D:3      | Noticed Jessica
  2779 | D:3      | Killed Jessica
  2780 | D:3      | Reached skill level 5 in Dodging
  2956 | D:4      | Found a staircase to the Ecumenical Temple.
  3015 | D:4      | Noticed a +0 short sword
  3016 | D:4      | Noticed a +0 short sword
  3016 | D:4      | Noticed a +0 spear
  3017 | D:4      | Noticed a +0 falchion
  3017 | D:4      | Noticed a +0 dagger
  3019 | D:4      | Noticed a +0 dagger
  3020 | D:4      | Noticed a +0 falchion
  3022 | D:4      | Noticed a +0 spear
  3042 | D:4      | Learned a level 2 spell: Ensorcelled Hibernation
  3058 | D:4      | Reached XP level 7. HP: 32/32 MP: 7/9
  3115 | D:4      | Reached skill level 6 in Stealth
  3115 | D:4      | Reached skill level 1 in Hexes
  3117 | D:4      | Reached skill level 1 in Spellcasting
  3124 | D:4      | Found a hide-covered altar of Uskayaw.
  3441 | D:4      | Reached *** piety under Hepliaklqana
  3660 | D:4      | Found a shimmering blue altar of Sif Muna.
  3726 | D:5      | Entered Level 5 of the Dungeon
  3730 | D:5      | Found a shadowy altar of Dithmenos.
  4517 | D:5      | Found a bloodstained altar of Trog.
  4518 | D:5      | Found an ornate altar of the Wu Jian Council.
  4985 | D:6      | Reached XP level 8. HP: 37/37 MP: 12/12
  5028 | D:6      | Reached skill level 7 in Stealth
  5060 | D:6      | Found Hytrov's Self-Published Books.
  5129 | D:6      | Reached **** piety under Hepliaklqana
  5164 | D:6      | Found a glowing golden altar of the Shining One.
  5682 | D:7      | Noticed a two-headed ogre
  5686 | D:7      | Killed a two-headed ogre
  5687 | D:7      | Reached skill level 8 in Stealth
  5687 | D:7      | Reached XP level 9. HP: 41/41 MP: 14/16
  5788 | D:7      | Found a hazy altar of Hepliaklqana.
  5817 | D:7      | Found a transporter.
  5819 | D:7      | Found a transporter.
  5822 | D:7      | Noticed a deep elf pyromancer
  5823 | D:7      | Noticed hackum's ghost (novice OpGl)
  5887 | D:7      | Reached skill level 5 in Spellcasting
  5890 | D:7      | Reached skill level 9 in Stealth
  6022 | D:7      | Reached skill level 5 in Fighting
  6022 | D:7      | Reached skill level 5 in Hexes
  6198 | D:8      | Noticed a komodo dragon
  6244 | D:8      | Killed a komodo dragon
  6280 | D:8      | Noticed an elephant
  6425 | D:8      | Killed an elephant
  6426 | D:8      | Reached XP level 10. HP: 45/45 MP: 19/19
  6549 | D:8      | Found a glowing silver altar of Zin.
  6565 | D:8      | Found a staircase to the Lair.
  6569 | D:8      | Reached skill level 10 in Stealth
  6656 | D:8      | Found a runed translucent gate.
  6656 | D:8      | Found a runed translucent gate.
  6656 | D:8      | Found a runed translucent gate.
  6658 | D:8      | Noticed TobyConnect's ghost (novice TeAE)
  6924 | D:8      | Killed TobyConnect's ghost
  7053 | D:9      | Reached ***** piety under Hepliaklqana
  7107 | D:9      | Found a flagged portal.
  7113 | Bailey   | Entered a bailey
  7174 | Bailey   | Reached skill level 11 in Stealth
  7200 | Bailey   | Noticed Prince Ribbit
  7201 | Bailey   | Noticed a vault guard
  7207 | Bailey   | Killed Prince Ribbit
  7270 | Bailey   | Killed a vault guard
  7271 | Bailey   | Reached skill level 10 in Dodging
  7271 | Bailey   | Reached XP level 11. HP: 31/50 MP: 15/23
  7364 | Bailey   | Noticed a vault guard
  7406 | Bailey   | Killed a vault guard
  7551 | D:9      | Found a runed translucent gate.
  7552 | D:9      | Found a runed translucent gate.
  7553 | D:9      | Found a runed translucent gate.
  7556 | D:9      | Found a viscous altar of Jiyva.
  7556 | D:9      | Noticed Pangenus's ghost (novice DrEE)
  7957 | D:10     | Entered Level 10 of the Dungeon
  7986 | D:10     | Reached skill level 12 in Stealth
  7986 | D:10     | Reached skill level 1 in Evocations
  7987 | D:10     | Noticed a purple ugly thing
  7994 | D:10     | Killed a purple ugly thing
  7995 | D:10     | Reached skill level 1 in Invocations
  8230 | D:10     | Found a staircase to the Orcish Mines.
  8680 | D:11     | Identified the +6 dagger "Amaenah" {freeze, rF++ Dex+3}
  8689 | D:11     | Found a blossoming altar of Fedhas.
  9435 | D:12     | Noticed a red ugly thing
  9435 | D:12     | Noticed an eight-headed hydra
  9435 | D:12     | Noticed a minotaur
  9436 | D:12     | Noticed furman's ghost (journeyman DrSh)
  9449 | D:12     | Found a runed translucent gate.
  9449 | D:12     | Found a runed translucent gate.
  9449 | D:12     | Found a runed translucent gate.
  9449 | D:12     | Noticed a two-headed ogre
  9568 | D:12     | Noticed a red ugly thing
  9585 | D:12     | Killed a red ugly thing
  9791 | D:12     | Noticed a boulder beetle
  9805 | D:12     | Killed a boulder beetle
  9806 | D:12     | Reached XP level 12. HP: 56/56 MP: 25/25
  9810 | D:12     | Noticed a two-headed ogre
  9826 | D:12     | Killed a two-headed ogre
  9836 | D:12     | Noticed an ice dragon
  9900 | D:12     | Noticed a centaur warrior
  9906 | D:12     | Noticed an ogre mage
  9908 | D:12     | Killed a centaur warrior
  9909 | D:12     | Reached skill level 13 in Stealth
  9911 | D:12     | Killed an ice dragon
  9921 | D:12     | Killed an ogre mage
 10388 | D:12     | Noticed a boulder beetle
 10390 | D:12     | Reached skill level 5 in Evocations
 10444 | D:12     | Killed a boulder beetle
 10907 | D:12     | Found the necklace of Bloodlust {Fury *Rage Will++ Int-3
                  | Slay+6}
 10909 | D:12     | Identified the ring of Ubomocri {Will+++ MP+9 Str+5 Dex-5}
 10910 | D:12     | Got the Omnibus of Production
 11131 | D:12     | Learned a level 3 spell: Tukima's Dance
 11136 | D:12     | Learned a level 4 spell: Cause Fear
 11141 | D:12     | Learned a level 4 spell: Olgreb's Toxic Radiance
 11653 | D:12     | Mangled by an eight-headed hydra

Illustrated notes

Levels and vault maps discovered:
D:1:      lightli_arrival_statuegarden, layout_basic, basic_ecumenical_altar,
          serial_shops, shop, chequers_serial_rivers_small_b,
          serial_bayou_pond_b
D:2:      layout_loops_ring, uniq_sigmund, uniq_terence
D:3:      cheibrodos_greedy_goblins, layout_loops_ring, minmay_circle_x,
          uniq_jessica, uniq_ijyb
D:4:      layout_basic, nicolae_uskayaw_en_pointe, marbit_many_paths,
          minmay_temple_entry_large_hall, roderic_serpentine_path
D:5:      layout_layer_cave, gammafunk_temple_overflow_forgotten,
          nicolae_houndstooth_variations
D:6:      layout_loops_ring, nicolae_tso_carved_into_rock, nicolae_custom_books
D:7:      layout_cave_pools, mainiacjoe_overflow_tiny_flanked,
          gammafunk_ghost_arena
D:8:      layout_basic, zin_statuary, grunt_lair_entry_orc_guard_hut,
          gammafunk_ghost_spectres
D:9:      layout_cross, enter_bailey_2, gammafunk_ghost_ooze
D:10:     layout_cave_pools, minmay_orc_entry_temple_small, grunt_ministairs_10,
          water_maze_lemuel
D:11:     layout_irregular_city, serial_rivers, chequers_serial_rivers_micro_d,
          chequers_serial_rivers_small_b, chequers_serial_rivers_small_b,
          chequers_serial_rivers_small_a, fedhas_altar_fruit_tree
D:12:     minmay_the_grid_plus_closed [minmay_the_grid_doors,
          minmay_the_grid_spikes, minmay_the_grid_dragon_a,
          minmay_the_grid_all_tris, minmay_the_grid_prize_shrinking_boxes],
          layout_loops_ring, maelrawn_ghost_gauntlet_escape

Skill      XL: |  1  2  3  4  5  6  7  8  9 10 11 12 |
---------------+-------------------------------------+-----
Stealth        | 2 3 4 5 6 8 9 11 12 13 | 13.7
Dodging        | 3 4 5 6 7 8 10 11 | 11.8
Fighting       | 2 3 4 5 6 7 |  7.6
Ranged Weapons | 5 6 7 8 9 |  9.8
Hexes          | 2 4 5 7 8 9 |  9.3
Spellcasting   | 2 4 5 7 8 9 |  9.4
Evocations     | 3 5 |  5.5
Invocations    | 2 4 |  4.1
Alchemy        | |  0.4

Action                     |  1- 3 |  4- 6 |  7- 9 | 10-12 || total
---------------------------+-------+-------+-------+-------++-------
   Fire: Shortbow          |    66 |    32 |       |       ||    98
         Arbalest          |       |    46 |   170 |   437 ||   653
 Invoke: Recall Ancestor   |       |     3 |     3 |     7 ||    13
         Ancestor Life: Kn |       |     1 |       |       ||     1
  Evoke: Wand              |       |       |       |    17 ||    17
         Condenser vane    |       |       |       |     1 ||     1
    Use: Scroll            |       |     6 |       |    18 ||    24
         Potion            |       |       |       |     2 ||     2
 Armour: Robe              |     7 |    11 |    19 |    71 ||   108
  Dodge: Dodged            |    15 |    19 |    77 |   214 ||   325

Table legend: (Time is in decaauts)
 A = Elapsed time spent in this place.
 B = Non-inter-level travel time spent in this place.
 C = Inter-level travel time spent in this place.
 D = Time resting spent in this place.
 E = Time spent auto-exploring this place.
 F = Levels seen in this place.
 G = Mean time per level.
                   A        B        C        D        E       F      G
               +--------+--------+--------+--------+--------+-----+--------+
         Total |   8793 |   8456 |    337 |   1325 |   5269 |  13 |  676.4 |
       Dungeon |   8483 |   8146 |    337 |   1317 |   5185 |  12 |  706.9 |
        Bailey |    310 |    310 |      0 |      8 |     83 |   1 |  310.0 |
               +--------+--------+--------+--------+--------+-----+--------+

Top non-repeatable levels by time:
    D:12: 1488 daAuts
     D:1: 1020 daAuts
    D:11: 955 daAuts
     D:5: 788 daAuts
     D:8: 697 daAuts
     D:3: 604 daAuts
     D:4: 600 daAuts
     D:2: 515 daAuts
    D:10: 515 daAuts
     D:9: 452 daAuts
     D:6: 431 daAuts
     D:7: 412 daAuts
  Bailey: 310 daAuts
